 Dungeon Crawl Stone Soup version 0.17.0-56-gd8de76c (console) character file.

97 Kloppie the Stinger (level 4, -6/37 HPs)
             Began as a Draconian Venom Mage on Dec 5, 2015.
             Was an Initiate of Vehumet.
             Mangled by Crazy Yiuf
             ... wielding a +4 quarterstaff of chaos
              (14 damage)
             ... on level 2 of the Dungeon.
             The game lasted 00:04:02 (1486 turns).

Kloppie the Stinger (Draconian Venom Mage)          Turns: 1486, Time: 00:04:02

Health: -6/37      AC:  5    Str: 10    XL:     4   Next: 42%
Magic:  3/7        EV: 12    Int: 17    God:    Vehumet [......]
Gold:   72         SH:  0    Dex: 11    Spells: 2 memorised, 4 levels left

rFire  . . .     SeeInvis .     i - +0 short sword
rCold  . . .     Clarity  .     (armour unavailable)
rNeg   . . .     SustAt   .     (no shield)
rPois  .         Gourm    .     (helmet restricted)
rElec  .         Spirit   .     (no cloak)
rCorr  .         Warding  .     (no gloves)
rMut   .         Stasis   .     (no boots)
MR     .....                    (no amulet)
Stlth  ++........               (no ring)
                                (no ring)

@: not resistant to hostile enchantments, unstealthy
A: unfitting armour, cold-blooded, AC +5
a: Renounce Religion


You were on level 2 of the Dungeon.
You worshipped Vehumet.
Vehumet was noncommittal.
You were not hungry.

You visited 1 branch of the dungeon, and saw 2 of its levels.

You collected 72 gold pieces.

Inventory:

Hand Weapons
 c - a +1 dagger of freezing
 e - a +0 dagger
 i - a +0 short sword (weapon)
Scrolls
 f - a scroll of magic mapping {unknown}
 g - 3 scrolls of remove curse {unknown}
 l - 4 scrolls of identify {unknown}
 p - a scroll of immolation {unknown}
 q - a scroll of enchant armour {unknown}
Potions
 d - a potion of invisibility {unknown}
 j - 2 potions of heal wounds {unknown}
 k - a potion of haste {unknown}
 m - a potion of lignification {unknown}
 n - a potion of beneficial mutation {unknown}
Books
 a - a Young Poisoner's Handbook

   Spells                             Type                      Level
   a - Sting                          Conjuration/Poison           1
   b - Cure Poison                    Poison                       2
   c - Mephitic Cloud                 Conjuration/Poison/Air       3
   d - Olgreb's Toxic Radiance        Poison                       4
   e - Venom Bolt                     Conjuration/Poison           5
Comestibles
 b - 4 bread rations
 h - a meat ration
 o - 4 chunks of flesh


   Skills:
 + Level 2.4 Fighting
 + Level 2.8 Dodging
 - Level 1.7 Stealth
 - Level 2.0 Spellcasting
 + Level 4.7 Poison Magic


You had 4 spell levels left.
You knew the following spells:

 Your Spells              Type           Power        Failure   Level  Hunger
a - Sting                 Conj/Pois      #...         10%         1    #......
b - Cure Poison           Pois           ###.......   4%          2    ###....


Dungeon Overview and Level Annotations

Branches:
Dungeon (2/15)

Altars:
Vehumet

Annotations:
D:2 Crazy Yiuf


Innate Abilities, Weirdness & Mutations

Your plain brown scales are hard (AC +5).
Your body does not fit into most forms of armour.
You are cold-blooded and may be slowed by cold attacks.


Message History

Vehumet accepts your kill. Crazy Yiuf misses you.
Casting: Sting
Confirm with . or Enter, or press ? or * to list all spells.
Aiming: Sting
Press: ? - help, Shift-Dir - straight line, f - Crazy Yiuf
Aim: Crazy Yiuf, wielding a quarterstaff of chaos and wearing a cloak The sting hits Crazy Yiuf.
Crazy Yiuf appears unharmed.
You hear a shout!
Casting: Sting
Confirm with . or Enter, or press ? or * to list all spells.
Aiming: Sting
Press: ? - help, Shift-Dir - straight line, f/p - Crazy Yiuf
Aim: Crazy Yiuf, wielding a quarterstaff of chaos and wearing a cloak The sting hits Crazy Yiuf.
Crazy Yiuf is poisoned.
Crazy Yiuf is lightly wounded.
Crazy Yiuf hits you with a quarterstaff of chaos!
* * * LOW HITPOINT WARNING * * *
You are electrocuted!
You die...

#..#
#####..#
##....#.#
#....###.#
##..## ##
#....#
♣....♣
♣♣...♣
♣♣@♣♣ ♣♣g♣
♣.♣♣ ♣g g♣
#g ). #.
#)


You could see Crazy Yiuf.

Vanquished Creatures
  Jessica (D:2)
  Robin (D:2)
  2 adders (D:2)
  A ball python (D:1)
  A bat (D:1)
  3 giant cockroaches (D:1)
  12 goblins
  5 hobgoblins
  2 giant geckos (D:1)
  4 giant newts
  7 kobolds
  3 rats
42 creatures vanquished.

Notes
Turn   | Place    | Note
--------------------------------------------------------------
     0 | D:1      | Kloppie the Draconian Venom Mage began the quest for the Orb.
     0 | D:1      | Reached XP level 1. HP: 14/14 MP: 3/3
   348 | D:1      | Reached XP level 2. HP: 16/22 MP: 1/5
   565 | D:1      | Reached skill level 1 in Fighting
   975 | D:2      | Reached XP level 3. HP: 28/28 MP: 3/6
  1302 | D:2      | Found a radiant altar of Vehumet.
  1304 | D:2      | Noticed Jessica
  1320 | D:2      | Killed Jessica
  1320 | D:2      | Reached XP level 4. HP: 31/36 MP: 4/7
  1335 | D:2      | Became a worshipper of Vehumet
  1416 | D:2      | Learned a level 2 spell: Cure Poison
  1459 | D:2      | Noticed Robin
  1467 | D:2      | Killed Robin
  1478 | D:2      | Noticed Crazy Yiuf
  1486 | D:2      | Mangled by Crazy Yiuf

Action                   |  1- 3 |  4- 6 || total
-------------------------+-------+-------++-------
Melee: Unarmed           |    12 |       ||    12
       Dagger            |     8 |       ||     8
       Short sword       |    21 |    31 ||    52
 Cast: Sting             |    47 |    10 ||    57
  Eat: Chunk             |     2 |     1 ||     3
